 Dungeon Crawl Stone Soup version 0.32-a0-41-gec2d92a32c (webtiles) character file.

Game seed: 5000119255139891476

4972 pokeman the Thaumaturge (level 10, -1/54 (56) HPs)
             Began as a Deep Elf Hedge Wizard on Jan 26, 2024.
             Was a Follower of Vehumet.
             Slain by a wight
             ... wielding a +2 heavy halberd
              (26 damage)
             ... on level 7 of the Dungeon.
             The game lasted 00:18:47 (8989 turns).

pokeman the Thaumaturge (Deep Elf Hedge Wizard)     Turns: 8989, Time: 00:18:47

HP:   -1/54 (56)    AC:  4    Str: 13    XL:     10   Next: 28%
MP:   24/29         EV: 13    Int: 24    God:    Vehumet [*.....]
Gold: 631           SH:  0    Dex: 14    Spells: 21/35 levels left

rFire   . . .        p - +1 dagger (venom)
rCold   . . .        (no shield)
rNeg    . . .        b - +0 robe
rPois   .            c - +0 hat
rElec   .            H - +0 cloak
rCorr   +            (no gloves)
SInv    .            O - +0 pair of boots {Fly}
Will    +....        (no amulet)
Stlth   ++           u - ring of resist corrosion
HPRegen 0.29/turn    I - +6 ring of strength
MPRegen 0.21/turn

%: no passive effects
@: flying, studying Shields, lightly drained
A: no striking features
a: Renounce Religion


You were on level 7 of the Dungeon.
You worshipped Vehumet.
Vehumet was aware of your devotion.
You visited 2 branches of the dungeon, and saw 8 of its levels.
You also visited: Ossuary and Bailey.

You collected 631 gold pieces.

Inventory:

Hand Weapons
 p - a +1 dagger of venom (weapon)
 y - a +1 dagger of pain
 G - a +3 quarterstaff of chaos
Armour
 b - a +0 robe (worn)
 c - a +0 hat (worn)
 j - a scarf of invisibility
 H - a +0 cloak (worn)
 M - +0 acid dragon scales
 N - a +0 kite shield
 O - a +0 pair of boots of flying (worn)
 P - +1 gold dragon scales
Magical Staves
 Q - a staff of alchemy
Jewellery
 u - a ring of resist corrosion (left hand)
 z - an amulet of guardian spirit
 I - a +6 ring of strength (right hand)
Wands
 t - a wand of charming (8)
 F - a wand of iceblast (7)
Scrolls
 a - 2 scrolls of vulnerability {unknown}
 e - a scroll of amnesia {unknown}
 f - 6 scrolls of identify {unknown}
 g - 4 scrolls of enchant weapon {unknown}
 i - a scroll of revelation {unknown}
 m - 3 scrolls of teleportation {unknown}
 o - a scroll of immolation {unknown}
 s - a scroll of enchant armour {unknown}
 v - 2 scrolls of fear {unknown}
 A - a scroll of blinking {unknown}
 B - 2 scrolls of noise {unknown}
 J - a scroll of acquirement {unknown}
 K - a scroll of poison {unknown}
 L - a scroll of fog {unknown}
Potions
 d - a potion of magic
 h - a potion of might {unknown}
 k - 3 potions of heal wounds {unknown}
 l - 3 potions of curing {unknown}
 n - 2 potions of invisibility {unknown}
 q - 3 potions of enlightenment {unknown}
 r - a potion of mutation {unknown}
 w - 3 potions of cancellation {unknown}
 x - 3 potions of berserk rage {unknown}
 C - 3 potions of haste {unknown}
 D - 2 potions of lignification {unknown}
 E - a potion of ambrosia {unknown}


   Skills:
 - Level 3.0 Fighting
 - Level 3.0 Armour
 - Level 3.1 Dodging
 - Level 3.0 Stealth
 + Level 2.9 Shields
 * Level 13.1 Spellcasting
 + Level 7.3 Conjurations
 - Level 1.1 Summonings
 - Level 6.0 Necromancy
 - Level 1.1 Translocations
 + Level 3.9 Fire Magic
 - Level 1.1 Air Magic
 - Level 1.2 Alchemy
 - Level 1.1 Evocations


You had 21 spell levels left.
You knew the following spells:

 Your Spells              Type           Power      Damage    Failure   Level
a - Magic Dart            Conj           100%       1d8       1%          1
b - Mephitic Cloud        Conj/Alch/Air  31%        N/A       3%          3
c - Call Imp              Summ           42%        N/A       3%          2
d - Blink                 Tloc           42%        N/A       3%          2
e - Foxfire               Conj/Fire      100%       2x1d9     1%          1
f - Irradiate             Conj/Alch      18%        3d17      19%         5

Your spell library contained the following spells:

 Spells                   Type           Power      Damage    Failure   Level
 Static Discharge         Conj/Air       72%        3-6/arc   1%          2
 Necrotise                Necr           100%       1d9       1%          1
 Sting                    Conj/Alch      100%       1d9       1%          1
 Cigotuvi's Dreadful Rot  Necr/Alch/Air  58%        N/A       1%          2
 Sublimation of Blood     Necr           44%        N/A       1%          2
 Vampiric Draining        Necr           44%        2d9       1%          3
 Apportation              Tloc           42%        N/A       2%          1
 Summon Small Mammal      Summ           84%        N/A       2%          1
 Slow                     Hex            60%        N/A       3%          1
 Ensorcelled Hibernation  Hex/Ice        30%        N/A       6%          2
 Swiftness                Air            21%        N/A       7%          3
 Iskenderun's Mystic Bla  Conj/Tloc      36%        2d9       7%          4
 Gell's Gravitas          Tloc           21%        N/A       8%          3
 Teleport Other           Tloc           21%        N/A       8%          3
 Anguish                  Hex/Necr       15%        N/A       11%         4
 Confusing Touch          Hex            15%        N/A       12%         3
 Passwall                 Erth           15%        N/A       12%         3
 Sigil of Binding         Hex            15%        N/A       12%         3
 Tukima's Dance           Hex            15%        N/A       12%         3
 Petrify                  Alch/Erth      18%        N/A       28%         4
 Dimensional Bullseye     Hex/Tloc       9%         N/A       30%         4
 Cause Fear               Hex            7%         N/A       36%         4
 Dispersal                Tloc           10%        N/A       98%         6
 Enfeeble                 Hex            7%         N/A       100%        7


Dungeon Overview and Level Annotations

Branches:
Dungeon (7/15)             Temple (1/1) D:5         Ossuary (visited)
 Bailey (visited)

Altars:
Ashenzari
Dithmenos
Elyvilon
Fedhas
Gozag
Hepliaklqana
Kikubaaqudgha
Makhleb
Nemelex Xobeh
Okawaru
Qazlal
Ru
Sif Muna
Trog
Vehumet
Wu Jian
Xom
Yredelemnul
Zin
The Shining One

Annotations:
D:5 2 runed translucent doors, Laraso's ghost, novice VSGl
D:6 3 runed translucent doors, Sirjeffry24's ghost, novice FoFi
D:7 1 transporter


Message History

Confirm with . or Enter, or press ? or * to list all spells.
You conjure some foxfire!
The foxfire hits the wight.
The wight is moderately damaged.
The wight misses you.
Unknown command.
Casting: Foxfire (safe; 1% risk of failure)
Confirm with . or Enter, or press ? or * to list all spells.
You conjure some foxfire!
The foxfire hits the wight but does no damage.
The wight is moderately damaged.
The foxfire hits the wight.
The wight is heavily damaged.
The wight hits you from afar with a +2 heavy halberd!
The foxfire hits the wight.
The wight is severely damaged.
Casting: Foxfire (safe; 1% risk of failure)
Confirm with . or Enter, or press ? or * to list all spells.
You conjure some foxfire!
The foxfire hits the wight.
The wight is severely damaged.
The foxfire hits the wight but does no damage.
The wight is severely damaged.
Unknown command.
Casting: Foxfire (safe; 1% risk of failure)
Confirm with . or Enter, or press ? or * to list all spells.
You conjure some foxfire!
The foxfire hits the wight but does no damage.
The wight is severely damaged.
The wight hits you from afar with a +2 heavy halberd!
You feel drained.
Casting: Foxfire (safe; 1% risk of failure)
Confirm with . or Enter, or press ? or * to list all spells.
You conjure some foxfire!
The foxfire hits the wight but does no damage.
The wight is severely damaged.
The foxfire hits the wight.
The wight is almost destroyed.
The foxfire hits the wight but does no damage.
The wight is almost destroyed.
The wight hits you from afar with a +2 heavy halberd!!
You die...

..#####.##......##.##
#.#####.###.).......#
#.......# ##..#.##..#
#.####### #........#
#.# ##.#..##.# ..#
#.##.# # ###
.####.##.##.#
......§vv...#
..#####.@#### #
#..z.§# #.##.## # #.#
.!# #### # ### ...


You could see a wight (ally target).

Vanquished Creatures
  2 orc knights (Bailey)
  Pikel (D:4)
  Maggie (D:6)
  Sigmund (D:6)
  A water moccasin (D:6)
  3 sky beasts
  7 orc warriors (Bailey)
  An ice beast (D:6)
  An ogre (D:4)
  3 centaurs
  3 bullfrogs
  2 gnoll sergeants (D:7)
  2 scorpions
  3 wights (D:7)
  2 howler monkeys
  2 orc priests (D:6)
  3 hounds
  A bombardier beetle (D:4)
  4 jellies
  Crazy Yiuf (D:5)
  9 iguanas
  A sleepcap (D:7)
  3 orc wizards
  8 mummies (Ossuary)
  6 adders
  9 gnolls
  A white imp (D:7)
  A ribbon worm zombie (D:5)
  2 ribbon worms (D:2)
  2 dart slugs
  26 orcs
  7 ball pythons
  6 endoplasms
  8 giant cockroaches
  5 goblins
  8 hobgoblins
  7 quokkas
  6 bats
  A frilled lizard (D:1)
  4 hobgoblin zombies (Ossuary)
  11 kobolds
  3 kobold zombies (Ossuary)
  2 orc zombies
  3 rats
183 creatures vanquished.

Vanquished Creatures (collateral kills)
  Blork the orc (D:6)
1 creature vanquished.

Vanquished Creatures (others)
  25 foxfires (D:7)
25 creatures vanquished.

Grand Total: 209 creatures vanquished

Notes
Turn   | Place    | Note
-------+----------+-------------------------------------------
     0 | D:1      | pokeman the Deep Elf Hedge Wizard began the quest for the
                  | Orb.
     0 | D:1      | Reached XP level 1. HP: 10/10 MP: 7/7
   327 | D:1      | Reached XP level 2. HP: 16/16 MP: 5/9
  1062 | D:2      | Reached skill level 5 in Spellcasting
  1062 | D:2      | Reached XP level 3. HP: 13/20 MP: 1/11
  1066 | D:2      | Learned a level 3 spell: Mephitic Cloud
  1069 | D:2      | Learned a level 2 spell: Call Imp
  1072 | D:2      | Learned a level 2 spell: Blink
  1332 | D:2      | Reached skill level 1 in Fighting
  1333 | D:2      | Reached skill level 1 in Armour
  2021 | D:2      | Reached XP level 4. HP: 25/25 MP: 11/13
  2833 | D:3      | Reached skill level 6 in Spellcasting
  2938 | D:3      | Found an iron altar of Okawaru.
  3054 | D:3      | Reached XP level 5. HP: 29/29 MP: 13/15
  3190 | D:4      | Noticed Pikel
  3196 | D:4      | Noticed a lemure
  3198 | D:4      | Noticed a lemure
  3200 | D:4      | Noticed a lemure
  3298 | D:4      | Noticed an ogre
  3433 | D:4      | Found a bloodstained altar of Trog.
  3535 | D:4      | Reached skill level 1 in Evocations
  3680 | D:4      | Reached XP level 6. HP: 26/34 MP: 14/17
  3731 | D:4      | Reached skill level 1 in Necromancy
  3731 | D:4      | Reached skill level 1 in Air Magic
  3731 | D:4      | Reached skill level 1 in Alchemy
  3734 | D:4      | Reached skill level 7 in Spellcasting
  4240 | D:4      | Learned a level 5 spell: Irradiate
  4264 | D:4      | Killed Pikel
  4265 | D:4      | Reached skill level 8 in Spellcasting
  4265 | D:4      | Reached XP level 7. HP: 14/40 MP: 6/21
  4529 | D:5      | Entered Level 5 of the Dungeon
  4529 | D:5      | Found a sand-covered staircase.
  4612 | Ossuary  | Entered an ossuary
  4682 | Ossuary  | Reached XP level 8. HP: 31/45 MP: 6/22
  5034 | Ossuary  | Reached skill level 9 in Spellcasting
  5192 | D:5      | Noticed Laraso's ghost (novice VSGl)
  5193 | D:5      | Found a large runed translucent door.
  5193 | D:5      | Found a large runed translucent door.
  5496 | D:5      | Found an ornate altar of the Wu Jian Council.
  5585 | D:5      | Found a staircase to the Ecumenical Temple.
  5637 | D:5      | Found a runed translucent door.
  5689 | Temple   | Entered the Ecumenical Temple
  5717 | Temple   | Became a worshipper of Vehumet
  5797 | D:5      | Noticed Crazy Yiuf
  5814 | D:5      | Killed Crazy Yiuf
  5997 | D:6      | Reached skill level 5 in Conjurations
  6051 | D:6      | Noticed Sigmund
  6064 | D:6      | Killed Sigmund
  6070 | D:6      | Reached skill level 10 in Spellcasting
  6151 | D:6      | Noticed Blork the orc
  6161 | D:6      | Killed Blork the orc
  6199 | D:6      | Reached skill level 5 in Necromancy
  6246 | D:6      | Reached XP level 9. HP: 20/49 MP: 7/25
  6557 | D:6      | Found a basalt altar of Yredelemnul.
  6644 | D:6      | Found a runed translucent gate.
  6645 | D:6      | Found a runed translucent gate.
  6646 | D:6      | Found a runed translucent gate.
  6647 | D:6      | Noticed Sirjeffry24's ghost (novice FoFi)
  6755 | D:6      | Reached skill level 11 in Spellcasting
  6872 | D:6      | Reached * piety under Vehumet
  6872 | D:6      | Offered knowledge of Foxfire by Vehumet.
  6885 | D:6      | Learned a level 1 spell: Foxfire
  7116 | D:6      | Noticed Maggie
  7132 | D:6      | Killed Maggie
  7133 | D:6      | Reached skill level 1 in Fire Magic
  7569 | D:7      | Found a flagged portal.
  7595 | Bailey   | Entered a bailey
  7950 | Bailey   | Noticed an orc knight
  7950 | Bailey   | Noticed an orc knight
  7957 | Bailey   | Killed an orc knight
  7958 | Bailey   | Reached skill level 1 in Shields
  7958 | Bailey   | Reached skill level 12 in Spellcasting
  7959 | Bailey   | Killed an orc knight
  7960 | Bailey   | Reached XP level 10. HP: 56/56 MP: 21/28
  8523 | D:7      | Found a transporter.
  8721 | D:7      | Reached skill level 13 in Spellcasting
  8781 | D:7      | Offered knowledge of Static Discharge by Vehumet.
  8989 | D:7      | Slain by a wight

Illustrated notes

Levels and vault maps discovered:
D:1:      dpeg_arrival_arbitrary_a, layout_rooms
D:2:      layout_basic, minmay_pentomino_w4
D:3:      layout_loops_cross, amcnicky_altar_gilded,
          nicolae_concentric_dashed_squares_mild
D:4:      layout_basic, mainiacjoe_overflow_24_doors, uniq_pikel
D:5:      layout_cave_pools, nzn_wu_jian_council_hall, temple_hall_moat,
          enter_ossuary_3, ebering_ghost_disaster_area, uniq_crazy_yiuf_cottage
D:6:      layout_loops_ring, lemuel_crystal_altar,
          gammafunk_ghost_nasty_kobolds, grunt_ministairs_2, uniq_maggie,
          uniq_blork_the_orc, uniq_sigmund
D:7:      gammafunk_cloud_chamber, layout_loops_cross, enter_bailey_2,
          minmay_quadrilaterals
Temple:   regret_index_temple_sphere_string

Skill      XL: |  1  2  3  4  5  6  7  8  9 10 |
---------------+-------------------------------+-----
Spellcasting   | 5 6 8 10 12 13 | 13.1
Fighting       | 1 2 3 |  3.0
Armour         | 1 2 3 |  3.0
Conjurations   | 2 3 4 5 7 |  7.3
Stealth        | 3 |  3.0
Dodging        | 3 |  3.1
Evocations     | 1 |  1.1
Necromancy     | 3 5 6 |  6.0
Air Magic      | 1 |  1.1
Alchemy        | 1 |  1.2
Fire Magic     | 3 |  3.9
Shields        | 1 2 |  2.9
Summonings     | |  1.1
Translocations | |  1.1

Action                     |  1- 3 |  4- 6 |  7- 9 | 10-12 || total
---------------------------+-------+-------+-------+-------++-------
  Melee: Dagger            |    18 |    66 |   131 |    21 ||   236
         Punch             |       |     1 |     1 |     4 ||     6
   Cast: Magic Dart        |   106 |    89 |   165 |    40 ||   400
         Mephitic Cloud    |     3 |    14 |    31 |     7 ||    55
         Call Imp          |     2 |       |     5 |       ||     7
         Irradiate         |       |       |     4 |     1 ||     5
         Foxfire           |       |       |       |    14 ||    14
   Stab: Confused          |       |     7 |    16 |     3 ||    26
         Sleeping          |       |       |     1 |       ||     1
 Armour: Robe              |    23 |    32 |    61 |    22 ||   138
  Dodge: Dodged            |    33 |    36 |    82 |    20 ||   171

Table legend: (Time is in decaauts)
 A = Elapsed time spent in this place.
 B = Non-inter-level travel time spent in this place.
 C = Inter-level travel time spent in this place.
 D = Time resting spent in this place.
 E = Time spent auto-exploring this place.
 F = Levels seen in this place.
 G = Mean time per level.
                   A        B        C        D        E       F      G
               +--------+--------+--------+--------+--------+-----+--------+
         Total |   8987 |   8676 |    311 |    472 |   6782 |  10 |  898.7 |
       Dungeon |   7647 |   7390 |    257 |    411 |   5819 |   7 | 1092.4 |
        Temple |     56 |      2 |     54 |      0 |      0 |   1 |   56.0 |
       Ossuary |    540 |    540 |      0 |      0 |    438 |   1 |  540.0 |
        Bailey |    742 |    742 |      0 |     61 |    525 |   1 |  742.0 |
               +--------+--------+--------+--------+--------+-----+--------+

Top non-repeatable levels by time:
     D:6: 1452 daAuts
     D:2: 1329 daAuts
     D:4: 1228 daAuts
     D:1: 1051 daAuts
     D:3: 919 daAuts
     D:5: 856 daAuts
     D:7: 811 daAuts
  Bailey: 742 daAuts
 Ossuary: 540 daAuts
  Temple: 56 daAuts
